 Dungeon Crawl Stone Soup version 0.27.1-34-g3ba077fa99 (webtiles) character file.

Game seed: 2001656121254922829

2195 ticklebelly the Fighter (level 9, -6/85 HPs)
             Began as a Minotaur Berserker on Jan 6, 2022.
             Was a Priest of Trog.
             Killed from afar by a steam dragon (19 damage)
             ... with a ball of steam
             ... on level 7 of the Dungeon.
             The game lasted 00:09:17 (6120 turns).

ticklebelly the Fighter (Minotaur Berserker)        Turns: 6120, Time: 00:09:18

Health: -6/85      AC: 12    Str: 26    XL:     9   Next: 12%
Magic:  8/8        EV: 10    Int:  4    God:    Trog [***...]
Gold:   349        SH:  4    Dex: 11    Spells: 8/8 levels left

rFire    . . .     SeeInvis .   a - +0 hand axe
rCold    . . .     Faith    .   p - +0 buckler
rNeg     . . .     Spirit   .   o - +4 scale mail "Evups" {rElec Dex+2 Slay+2}
rPois    .         Reflect  .   (helmet restricted)
rElec    +         Harm     .   (no cloak)
rCorr    .         Rampage  .   (no gloves)
Will     .....                  l - +0 pair of boots
Stlth    ..........             (no amulet)
HPRegen  0.24/turn              (no ring)
MPRegen  0.11/turn              (no ring)

@: no status effects
A: horns 2, retaliatory headbutt
a: Renounce Religion, Berserk, Trog's Hand


You were on level 7 of the Dungeon.
You worshipped Trog.
Trog was most pleased with you.
You visited 1 branch of the dungeon, and saw 7 of its levels.

You collected 349 gold pieces.

Inventory:

Hand Weapons
 a - a +0 hand axe (weapon)
Armour
 l - a +0 pair of boots (worn)
 o - the +4 scale mail "Evups" (worn) {rElec Dex+2 Slay+2}
   (You found it on level 4 of the Dungeon)

   Dex:       It affects your dexterity (+2).
   Slay:      It affects your accuracy & damage with ranged weapons and melee
   (+2).
   rElec:     It insulates you from electricity.
 p - a +0 buckler (worn)
Scrolls
 b - a scroll of fear {unknown}
 c - a scroll of summoning {unknown}
 e - 3 scrolls of teleportation {unknown}
 i - 3 scrolls of identify {unknown}
 k - a scroll of amnesia {unknown}
 m - a scroll of brand weapon {unknown}
 n - a scroll of noise {unknown}
 r - a scroll of torment {unknown}
 t - a scroll of immolation {unknown}
Potions
 d - a potion of degeneration {unknown}
 f - a potion of might {unknown}
 g - a potion of heal wounds {unknown}
 h - 2 potions of cancellation {unknown}
 j - a potion of haste
 q - a potion of berserk rage {unknown}
 s - a potion of attraction {unknown}
 u - a potion of resistance {unknown}


   Skills:
 + Level 9.9 Fighting
 + Level 9.9 Axes
 - Level 5.0 Armour
 - Level 2.1 Dodging
 - Level 4.0 Shields


You had 8 spell levels left.
You didn't know any spells.
Your spell library was empty.

Dungeon Overview and Level Annotations

Branches:
Dungeon (7/15)             Temple (0/1) D:4

Altars:
Nemelex Xobeh


Innate Abilities, Weirdness & Mutations

You have a pair of horns on your head.
You reflexively headbutt those who attack you in melee.


Message History

You are engulfed in a cloud of scalding steam.
The gnoll shouts!
A gnoll comes into view. It is wielding a +0 whip.
The gnoll is engulfed in a cloud of scalding steam.
The gnoll closely misses you.
There is an open door here.
You hit the gnoll. You headbutt the gnoll.
You kill the gnoll!
Trog accepts your kill.
You are engulfed in a cloud of scalding steam.
The gnoll is engulfed in a cloud of scalding steam.
The steam dragon breathes steam at you. The ball of steam hits you!
You are engulfed in a cloud of scalding steam.
The gnoll is engulfed in a cloud of scalding steam.
Things that are here:
a +0 spear; a gnoll corpse You slash the gnoll!
You kill the gnoll!
Trog accepts your kill.
You are engulfed in a cloud of scalding steam.
The steam dragon breathes steam at you. The ball of steam hits you!
You are engulfed in a cloud of scalding steam.
* * * LOW HITPOINT WARNING * * *
The steam dragon breathes steam at you. The ball of steam hits you!
* * * LOW HITPOINT WARNING * * *
Really walk into that cloud of steam?
Okay, then.
You are engulfed in a cloud of scalding steam.
Things that are here:
a +0 whip; 2 stones; a kobold corpse The steam dragon breathes steam at you.
The ball of steam hits you!
* * * LOW HITPOINT WARNING * * *
The gnoll shaman is engulfed in a cloud of scalding steam.
The steam dragon breathes steam at you. The ball of steam hits you!!
You die...

.......ggg.g.D§§.#
.......g########g#
.......§# #...g)#
........# #.....#
....g.######.D.).#
...... #..§....#
...... #..§....#
...... #.§.....#
##@......#
#........#
#.######## #<# ###


You could see a steam dragon (catching breath), a gnoll shaman and a gnoll.

Vanquished Creatures
  The ghost of Flarelocke the Slasher, an amateur MfGl (D:5)
  Prince Ribbit (D:6)
  2 water moccasins
  An ice beast (D:4)
  A black bear (D:4)
  An ogre (D:6)
  3 necrophages
  A centaur (D:6)
  A bullfrog (D:4)
  3 phantoms
  A wyvern zombie (D:6)
  A kobold brigand (D:7)
  A scorpion (D:6)
  A water moccasin skeleton (D:4)
  2 jellies
  2 centaur zombies
  A hound (D:6)
  3 iguanas (D:6)
  A killer bee zombie (D:6)
  A hound zombie (D:5)
  Robin (D:4)
  A howler monkey skeleton (D:5)
  8 adders
  2 gnolls (D:7)
  3 ufetubi
  An adder skeleton (D:4)
  3 worms
  3 dart slugs
  3 orcs
  5 endoplasms
  4 giant cockroaches
  12 goblins
  8 hobgoblins
  8 jackals
  2 quokkas
  6 ball pythons
  4 bats
  A frilled lizard (D:2)
  10 kobolds
  7 rats
121 creatures vanquished.

Vanquished Creatures (others)
  A gnoll (D:7)
  2 demonic plants (D:2)
3 creatures vanquished.

Grand Total: 124 creatures vanquished

Notes
Turn   | Place    | Note
-------+----------+-------------------------------------------
     0 | D:1      | ticklebelly the Minotaur Berserker began the quest for the
                  | Orb.
     0 | D:1      | Reached XP level 1. HP: 19/19 MP: 0/0
   398 | D:1      | Reached XP level 2. HP: 27/27 MP: 1/1
  1207 | D:2      | Reached XP level 3. HP: 25/34 MP: 2/2
  1896 | D:2      | Reached ** piety under Trog
  1897 | D:2      | Reached XP level 4. HP: 30/41 MP: 3/3
  1898 | D:2      | Reached skill level 5 in Fighting
  2017 | D:2      | Reached skill level 5 in Axes
  2107 | D:2      | Found a faded altar of an unknown god.
  2107 | D:2      | Noticed a hellion
  3177 | D:4      | Noticed Robin
  3203 | D:4      | Killed Robin
  3204 | D:4      | Reached XP level 5. HP: 41/48 MP: 4/4
  3422 | D:4      | Noticed a phantom
  3435 | D:4      | Killed a phantom
  3508 | D:4      | Identified the +4 scale mail "Evups" {rElec Dex+2 Slay+2}
  3526 | D:4      | Noticed an ice beast
  3536 | D:4      | Killed an ice beast
  3537 | D:4      | Reached XP level 6. HP: 36/57 MP: 5/5
  3917 | D:4      | Found a staircase to the Ecumenical Temple.
  4120 | D:4      | Reached *** piety under Trog
  4121 | D:4      | Reached XP level 7. HP: 44/64 MP: 6/6
  4252 | D:4      | Reached skill level 5 in Armour
  4360 | D:5      | Entered Level 5 of the Dungeon
  4379 | D:5      | Reached skill level 1 in Shields
  4501 | D:5      | Found a runed translucent gate.
  4501 | D:5      | Found a runed translucent gate.
  4501 | D:5      | Found a runed translucent gate.
  4505 | D:5      | Noticed Flarelocke's ghost (amateur MfGl)
  4516 | D:5      | Killed Flarelocke's ghost
  4585 | D:5      | Reached XP level 8. HP: 71/73 MP: 7/7
  4635 | D:5      | Found a sparkling altar of Nemelex Xobeh.
  5803 | D:6      | Noticed Prince Ribbit
  5810 | D:6      | Killed Prince Ribbit
  5811 | D:6      | Reached XP level 9. HP: 70/85 MP: 8/8
  6120 | D:7      | Killed from afar by a steam dragon

Illustrated notes

Levels and vault maps discovered:
D:1:      amcnicky_arrival_flooded_fountain, layout_basic, minmay_pentomino_w2
D:2:      layout_loops_ring, dreamdust_ecumenical_altar_sealed_demon
D:3:      layout_loops_ring, grunt_ministairs_12
D:4:      minmay_chambers_of_twos, layout_loops_ring,
          minmay_temple_entry_butterflies, uniq_robin
D:5:      layout_basic, lemuel_tele_altar, ebering_ghost_rock_garden
D:6:      layout_loops_cross, uniq_prince_ribbit1
D:7:      layout_basic, mainiacjoe_overflow_catwalk

Skill      XL: |  1  2  3  4  5  6  7  8 |
---------------+-------------------------+-----
Fighting       | 4 5 6 7 9 |  9.9
Axes           | 4 5 6 7 9 |  9.9
Armour         | 3 4 5 |  5.0
Shields        | 3 4 |  4.0
Dodging        | |  2.1

Action                   |  1- 3 |  4- 6 |  7- 9 || total
-------------------------+-------+-------+-------++-------
Melee: Hand axe          |    76 |   123 |   137 ||   336
       Headbutt          |     9 |    19 |    44 ||    72
Invok: Berserk           |       |       |     1 ||     1
 Stab: Sleeping          |     1 |       |       ||     1
Armor: Animal skin       |    14 |       |       ||    14
       Chain mail        |       |    47 |       ||    47
       Scale mail        |       |    24 |    69 ||    93
Dodge: Dodged            |    44 |    58 |    49 ||   151
Block: Buckler           |       |       |    33 ||    33
